 Dungeon Crawl Stone Soup version 0.30-a0-218-gedb9141078 (webtiles) character file.

Game seed: 10682556739773386020

15542 themarg the Geomancer (level 12, -3/72 HPs)
             Began as a Gargoyle Earth Elementalist on Oct 5, 2022.
             Was a High Priest of Vehumet.
             Slain by an anaconda simulacrum (7 damage)
             ... in an ice cave.
             The game lasted 01:18:28 (14830 turns).

themarg the Geomancer (GrEE)                       Turns: 14830, Time: 01:18:29

Health: -3/72      AC: 18    Str: 12    XL:     12   Next: 28%
Magic:  25/32      EV: 10    Int: 27    God:    Vehumet [*****.]
Gold:   757        SH:  0    Dex: 10    Spells: 1/26 levels left

rFire   . . .      SeeInvis .    a - +6 long sword of Youthful Indiscretion {freeze, rPois Will+}
rCold   . . .      Faith    .    (no shield)
rNeg    + . .      Spirit   .    W - +0 troll leather armour
rPois   ∞          Reflect  .    i - +0 helmet
rElec   +          Harm     .    N - +1 cloak {Stlth+}
rCorr   .          Rampage  +    l - +0 pair of gloves
Will    +....                    e - +1 pair of boots {rampage}
Stlth   ++........               (no amulet)
HPRegen 1.12/turn                P - +6 ring of intelligence
MPRegen 0.23/turn                s - ring of magical power

@: confused, ambrosia-drunk, constricted
A: sickness immunity, AC +8, negative energy resistance 1, electricity
resistance, torment resistance 1, petrification resistance
a: Renounce Religion


You were in an ice cave.
You worshipped Vehumet.
Vehumet was extremely pleased with you.
You visited 2 branches of the dungeon, and saw 12 of its levels.
You also visited: Ossuary and Ice Cave.

You collected 757 gold pieces.

Inventory:

Hand Weapons
 a - the +6 long sword of Youthful Indiscretion (weapon) {freeze, rPois Will+}
   (You found it on level 3 of the Dungeon)

   It freezes those it strikes, dealing additional cold damage.
   It can also slow down cold-blooded creatures.
   rPois:     It protects you from poison.
   Will:      It increases your willpower.
 d - a +0 short sword
 E - a +0 sling
 I - the +5 hand axe of Taxation {vorpal, SInv}
   (You found it on level 8 of the Dungeon)

   It inflicts extra damage upon your enemies.
   SInv:      It lets you see invisible.
Missiles
 u - 6 atropa-tipped darts
 G - a throwing net
 K - 33 poisoned darts
Armour
 e - a +1 pair of boots of rampaging (worn)
 i - a +0 helmet (worn)
 l - a +0 pair of gloves (worn)
 q - a +0 robe
 D - the +1 ring mail "Hyixad" {Harm rC- rN+ Str+2}
   (You found it in an ossuary)

   Str:       It affects your strength (+2).
   rC:        It makes you vulnerable to cold.
   rN:        It protects you from negative energy.
   Harm:      It increases damage dealt and taken.
 N - a +1 cloak of stealth (worn)
 W - a +0 troll leather armour (worn)
Magical Staves
 b - a staff of conjuration
Jewellery
 c - a +6 ring of strength
 s - a ring of magical power (right hand)
 P - a +6 ring of intelligence (left hand)
 R - a ring of see invisible
 V - a ring of willpower
Wands
 x - a wand of flame (20)
 S - a wand of acid (1)
Scrolls
 g - 4 scrolls of noise
 m - 3 scrolls of butterflies
 n - 8 scrolls of teleportation
 w - 3 scrolls of immolation
 y - 6 scrolls of enchant armour
 B - 2 scrolls of fear
 T - a scroll of enchant weapon
Potions
 f - 2 potions of heal wounds {unknown}
 h - 5 potions of lignification
 j - a potion of magic
 k - 5 potions of haste
 o - a potion of attraction {unknown}
 p - a potion of mutation {unknown}
 r - 3 potions of brilliance
 t - 3 potions of might
 z - a potion of degeneration {unknown}
 C - 2 potions of curing {unknown}
 F - 2 potions of cancellation {unknown}
 H - 2 potions of flight {unknown}
 L - a potion of resistance {unknown}


   Skills:
 - Level 7.0 Fighting
 + Level 6.2 Dodging
 - Level 3.0 Stealth
 * Level 7.6 Spellcasting
 - Level 10.0 Conjurations
 - Level 3.0 Transmutations
 - Level 3.0 Ice Magic
 - Level 3.0 Air Magic
 - Level 12.0 Earth Magic
 + Level 3.6 Evocations


You had one spell level left.
You knew the following spells:

 Your Spells              Type           Power      Damage    Failure   Level
a - Sandblast             Erth           100%       2d20      1%          1
b - Stone Arrow           Conj/Erth      100%       3d13      1%          3
c - Petrify               Tmut/Erth      50%        N/A       3%          4
d - Searing Ray           Conj           100%       2d8       1%          2
e - Iskenderun's Battles  Conj           59%        2d11      1%          5
f - Freezing Cloud        Conj/Ice/Air   19%        6-21      6%          5
g - Lee's Rapid Deconstr  Erth           33%        3d18*     1%          5

Your spell library contained the following spells:

 Spells                   Type           Power      Damage    Failure   Level
 Passwall                 Tmut/Erth      41%        N/A       1%          2
 Ignite Poison            Fire/Tmut/Pois 15%        N/A       4%          3
 Kindle Blastsparks       Fire/Tloc/Air  30%        2d12      4%          3
 Animate Armour           Summ/Erth      84%        N/A       6%          4
 Portal Projectile        Hex/Tloc       20%        N/A       22%         3
 Tukima's Dance           Hex            10%        N/A       22%         3
 Blade Hands              Tmut           13%        N/A       50%         5
 Animate Dead             Necr           10%        N/A       56%         4
 Lehudib's Crystal Spear  Conj/Erth      31%        10d8      75%         8
 Haunt                    Necr/Summ      5%         N/A       100%        7
 Infestation              Necr           5%         N/A       100%        8


Dungeon Overview and Level Annotations

Branches:
Dungeon (11/15)            Temple (0/1) D:7            Lair (1/5) D:11
    Orc (0/2) D:11        Ossuary (visited)           IceCv (1/1)

Altars:
Cheibriados
Gozag
Hepliaklqana
Ru
Vehumet
Wu Jian
Xom
Yredelemnul

Annotations:
D:9 1 runed translucent door, exclusion: door, sirJeffrey23's ghost, novice MiFi
D:11 Nergalle
Lair:1 2 exclusions


Innate Abilities, Weirdness & Mutations

You are immune to sickness and miasma.
Your stone body is resilient. (AC +8)
You are immune to poison.
You resist negative energy. (rN+)
You are resistant to electric shocks. (rElec)
You are resistant to unholy torment.
You are immune to petrification.


Message History

Vehumet accepts your kill. The harpy simulacrum claws you!
The harpy simulacrum freezes you! The harpy simulacrum barely misses you.
Casting: Lee's Rapid Deconstruction (dangerous; 1% risk of failure)
Confirm with . or Enter, or press ? or * to list all spells.
You don't have enough magic to cast this spell.
You slash the harpy simulacrum!
The harpy simulacrum vaporises!
Vehumet accepts your kill.
You feel your power returning. The anaconda simulacrum grabs you.
The anaconda simulacrum bites you. The anaconda simulacrum freezes you!!
The anaconda simulacrum constricts you.
You are confused.
You feel invigorated.
The anaconda simulacrum completely misses you.
The anaconda simulacrum constricts you. The anaconda simulacrum bites you.
The anaconda simulacrum freezes you!
* * * LOW HITPOINT WARNING * * *
The anaconda simulacrum constricts you.
* * * LOW HITPOINT WARNING * * *
You bump into the ice covered rock wall.
The anaconda simulacrum bites you but does no damage.
The anaconda simulacrum constricts you.
* * * LOW HITPOINT WARNING * * *
You escape the anaconda simulacrum's grasp.
The anaconda simulacrum grabs you.
The anaconda simulacrum bites you but does no damage.
The anaconda simulacrum constricts you. The anaconda simulacrum bites you!
* * * LOW HITPOINT WARNING * * *
The anaconda simulacrum freezes you!
* * * LOW HITPOINT WARNING * * *
The anaconda simulacrum constricts you.
You are too confused!
You are more confused.
You feel more invigorated.
The anaconda simulacrum bites you but does no damage.
The anaconda simulacrum constricts you.
* * * LOW HITPOINT WARNING * * *
The anaconda simulacrum bites you!
You die...

##......○ # ###...#
### ##..Z### ###..
##.Z.## #######....
##..°##)..##.........#
#..### ...........#.##
#...# ....##..######
##..#### ##...#
###Z@.### ###...#
##Z...###....##
###........##
###....### ######


You could see an anaconda simulacrum and a two-headed ogre simulacrum.

Vanquished Creatures
  A two-headed ogre (D:10)
  Sonja (D:11)
  Pikel (D:5)
  A cyclops (D:11)
  2 ice statues (IceCv)
  A freezing wraith (IceCv)
  4 ice devils (IceCv)
  A kobold demonologist (D:11)
  4 komodo dragons (D:11)
  3 trolls
  A hornet (D:9)
  3 shadows (D:11)
  15 yaks
  5 steam dragons
  4 wyverns
  A human (D:10)
  A harpy simulacrum (IceCv)
  A water moccasin (D:8)
  7 orc warriors
  4 sky beasts
  2 black bears
  2 ice beasts
  A phantom (D:4)
  5 centaurs
  6 bullfrogs
  4 kobold brigands
  A scorpion (D:5)
  2 gnoll sergeants
  2 two-headed ogre simulacra (IceCv)
  2 necrophages
  6 water moccasin zombies (Ossuary)
  2 cane toad simulacra (IceCv)
  8 wights
  6 killer bees (D:8)
  3 howler monkeys
  A jelly (D:8)
  3 electric eels (D:11)
  A gnoll bouda (D:6)
  4 hounds (D:6)
  8 orc priests
  Crazy Yiuf (D:4)
  Terence (D:2)
  8 orc wizards
  2 spriggan simulacra (IceCv)
  2 troll simulacra (IceCv)
  3 mummies
  3 adders
  18 gnolls
  4 white imps
  2 ufetubi (IceCv)
  3 adder zombies (Ossuary)
  3 worms (D:2)
  2 dart slugs
  29 orcs
  8 endoplasms
  3 giant cockroaches
  11 goblins
  11 hobgoblins
  19 jackals
  8 ball pythons
  4 bats
  3 frilled lizards
  2 gnoll zombies (Ossuary)
  A goblin skeleton (D:10)
  2 hobgoblin zombies (Ossuary)
  35 kobolds
  9 kobold zombies (Ossuary)
  5 orc zombies (Ossuary)
  7 rats
339 creatures vanquished.

Notes
Turn   | Place    | Note
-------+----------+-------------------------------------------
     0 | D:1      | themarg the Gargoyle Earth Elementalist began the quest for
                  | the Orb.
     0 | D:1      | Reached XP level 1. HP: 10/10 MP: 3/3
    85 | D:1      | Reached XP level 2. HP: 15/15 MP: 1/5
   407 | D:1      | Reached skill level 4 in Earth Magic
   516 | D:1      | Reached XP level 3. HP: 19/19 MP: 4/6
   572 | D:1      | Found a faded altar of an unknown god.
   573 | D:1      | Noticed a golden eye
   575 | D:1      | Noticed a great orb of eyes
   575 | D:1      | Noticed a golden eye
   575 | D:1      | Noticed a golden eye
   975 | D:2      | Noticed Terence
  1132 | D:2      | Reached XP level 4. HP: 22/24 MP: 3/8
  1491 | D:2      | Reached skill level 5 in Earth Magic
  2012 | D:3      | Reached XP level 5. HP: 28/28 MP: 4/9
  2056 | D:3      | Reached skill level 1 in Conjurations
  2143 | D:3      | Identified the +6 long sword of Youthful Indiscretion
                  | {freeze, rPois Will+}
  3292 | D:4      | Noticed a phantom
  3298 | D:4      | Killed a phantom
  3299 | D:4      | Reached skill level 6 in Earth Magic
  3299 | D:4      | Reached XP level 6. HP: 32/32 MP: 8/11
  3418 | D:4      | Found a runed translucent door.
  3419 | D:4      | Noticed Crazy Yiuf
  3848 | D:5      | Entered Level 5 of the Dungeon
  3852 | D:5      | Noticed a black bear
  3857 | D:5      | Killed a black bear
  3862 | D:5      | Learned a level 3 spell: Stone Arrow
  4134 | D:5      | Found a sacrificial altar of Ru.
  4138 | D:5      | Found a radiant altar of Vehumet.
  4142 | D:5      | Became a worshipper of Vehumet
  4147 | D:5      | Found an ornate altar of the Wu Jian Council.
  4346 | D:5      | Reached XP level 7. HP: 35/36 MP: 13/13
  4371 | D:5      | Noticed Pikel
  4385 | D:5      | Paralysed by Pikel for 3 turns
  4401 | D:5      | Killed Pikel
  4402 | D:5      | Reached skill level 7 in Earth Magic
  4402 | D:5      | Reached skill level 5 in Spellcasting
  4402 | D:5      | Reached skill level 8 in Earth Magic
  4402 | D:5      | Reached XP level 8. HP: 21/41 MP: 15/15
  4796 | D:6      | Reached skill level 9 in Earth Magic
  4819 | D:6      | Found a sand-covered staircase.
  4821 | D:6      | Reached skill level 10 in Earth Magic
  4821 | D:6      | Reached skill level 1 in Transmutations
  4877 | Ossuary  | Entered an ossuary
  4903 | Ossuary  | Reached skill level 1 in Fighting
  4992 | Ossuary  | Reached * piety under Vehumet
  4992 | Ossuary  | Offered knowledge of Shock by Vehumet.
  5218 | Ossuary  | Identified the +1 ring mail "Hyixad" {Harm rC- rN+ Str+2}
  5279 | D:6      | Reached XP level 9. HP: 53/53 MP: 16/16
  5284 | D:6      | Learned a level 4 spell: Petrify
  5417 | D:6      | Reached skill level 5 in Fighting
  6212 | D:7      | Reached ** piety under Vehumet
  6212 | D:7      | Offered knowledge of Static Discharge by Vehumet.
  6341 | D:7      | Found a hazy altar of Hepliaklqana.
  6472 | D:7      | Reached skill level 5 in Dodging
  6866 | D:7      | Found a staircase to the Ecumenical Temple.
  7315 | D:8      | Offered knowledge of Searing Ray by Vehumet.
  7321 | D:7      | Learned a level 2 spell: Searing Ray
  7365 | D:8      | Reached XP level 10. HP: 49/59 MP: 17/17
  7445 | D:7      | Reached skill level 5 in Conjurations
  7589 | D:7      | Reached skill level 11 in Earth Magic
  8018 | D:8      | Identified the +5 hand axe of Taxation {vorpal, SInv}
  8114 | D:8      | Reached *** piety under Vehumet
  8528 | D:8      | Offered knowledge of Airstrike by Vehumet.
  9596 | D:2      | Killed Terence
  9781 | D:4      | Killed Crazy Yiuf
 10119 | D:9      | Reached **** piety under Vehumet
 10219 | D:9      | Found a snail-covered altar of Cheibriados.
 10236 | D:9      | Reached skill level 1 in Ice Magic
 10456 | D:9      | Offered knowledge of Iskenderun's Battlesphere by Vehumet.
 10457 | D:9      | Reached skill level 12 in Earth Magic
 10463 | D:9      | Learned a level 5 spell: Iskenderun's Battlesphere
 10826 | D:9      | Reached XP level 11. HP: 63/63 MP: 15/18
 11061 | D:9      | Found a runed translucent door.
 11061 | D:9      | Found a shimmering altar of Xom.
 11061 | D:9      | Noticed a +6 halberd of chaos
 11061 | D:9      | Noticed sirJeffrey23's ghost (novice MiFi)
 11198 | D:10     | Entered Level 10 of the Dungeon
 11293 | D:10     | Reached skill level 10 in Conjurations
 11299 | D:10     | Reached skill level 1 in Air Magic
 11453 | D:10     | Found a runed translucent door.
 11455 | D:10     | Found a basalt altar of Yredelemnul.
 11718 | D:10     | Found an opulent altar of Gozag.
 11718 | D:10     | Noticed a two-headed ogre
 11732 | D:10     | Killed a two-headed ogre
 12406 | D:11     | Noticed Nergalle
 12547 | D:11     | Noticed Sonja
 12563 | D:11     | Killed Sonja
 12647 | D:11     | Found a staircase to the Orcish Mines.
 12654 | D:11     | Reached skill level 1 in Evocations
 13005 | D:11     | Learned a level 5 spell: Freezing Cloud
 13131 | D:11     | Noticed a cyclops
 13144 | D:11     | Killed a cyclops
 13279 | D:11     | Reached ***** piety under Vehumet
 13586 | D:11     | Offered knowledge of Lee's Rapid Deconstruction by Vehumet.
 13818 | D:11     | Reached XP level 12. HP: 37/72 MP: 21/22
 13985 | D:11     | Found a staircase to the Lair.
 13990 | Lair:1   | Entered Level 1 of the Lair of Beasts
 14081 | Lair:1   | Found a frozen archway.
 14092 | IceCv    | Entered an ice cave
 14219 | IceCv    | Learned a level 5 spell: Lee's Rapid Deconstruction
 14829 | IceCv    | HP: 1/72 [anaconda simulacrum (16)]
 14830 | IceCv    | Slain by an anaconda simulacrum

Illustrated notes

Levels and vault maps discovered:
D:1:      eino_arrival_water_star, layout_loops_cross,
          hellmonk_ecumenical_altar_watching_god, minmay_strange_pillars
D:2:      layout_rooms, minmay_hedge_maze, uniq_terence
D:3:      layout_basic, ebering_dispersal_statue_hall
D:4:      layout_loops_ring, uniq_crazy_yiuf_cottage
D:5:      layout_basic, grunt_temple_overflow_diamond, uniq_pikel
D:6:      layout_basic, serial_rivers, chequers_serial_rivers_micro_d,
          chequers_serial_rivers_room_b, chequers_serial_rivers_small_a,
          chequers_serial_rivers_micro_d, chequers_serial_rivers_small_3,
          chequers_serial_rivers_micro_e, gup_ossuary_entry_pyramid,
          st_stairs_10
D:7:      corexii_shack_village, layout_rooms,
          mainiacjoe_overflow_cross_hatched, temple_hall, st_stairs_3
D:8:      layout_basic, minmay_quadrilaterals
D:9:      layout_cave_pools, mainiacjoe_overflow_surrounded_room,
          ebering_ghost_xom
D:10:     layout_loops_ring, dk_yredelemnul_ordeal, mainiacjoe_overflow_brackets
D:11:     layout_basic, erik_lair_dragon, minmay_orc_entry_temple_small,
          fountainhead, uniq_sonja, uniq_nergalle
Lair:1:   layout_regular_city, portal_ice_cave_entry_pillars_1,
          nicolae_quartered_pool_little, minivault_25, uniq_joseph
IceCv:    ice_cave_small_demon

Skill      XL: |  1  2  3  4  5  6  7  8  9 10 11 12 |
---------------+-------------------------------------+-----
Earth Magic    | 4 5 6 8 10 12 | 12.0
Stealth        | 3 |  3.0
Spellcasting   | 3 4 5 6 7 |  7.6
Conjurations   | 2 3 4 9 10 | 10.0
Transmutations | 2 3 |  3.0
Fighting       | 4 5 7 |  7.0
Dodging        | 5 6 |  6.2
Ice Magic      | 2 3 |  3.0
Air Magic      | 3 |  3.0
Evocations     | 2 3 |  3.6

Action                   |  1- 3 |  4- 6 |  7- 9 | 10-12 || total
-------------------------+-------+-------+-------+-------++-------
Melee: Short sword       |     8 |     9 |       |       ||    17
       Long sword        |       |    19 |   139 |    82 ||   240
       Punch             |       |       |     2 |     1 ||     3
 Cast: Sandblast         |    50 |    85 |    67 |     9 ||   211
       Stone Arrow       |       |       |    39 |   116 ||   155
       Petrify           |       |       |     3 |    46 ||    49
       Searing Ray       |       |       |       |    53 ||    53
       Iskenderun's Batt |       |       |       |    24 ||    24
       Freezing Cloud    |       |       |       |     1 ||     1
       Lee's Rapid Decon |       |       |       |    31 ||    31
Evoke: Wand              |       |       |       |     4 ||     4
  Use: Scroll            |       |       |     8 |    10 ||    18
       Potion            |       |       |       |     3 ||     3
 Stab: Petrified         |       |       |     7 |    11 ||    18
Armor: Robe              |     4 |    28 |    97 |    56 ||   185
       Troll leather arm |       |       |       |    29 ||    29
Dodge: Dodged            |    16 |    33 |   137 |   127 ||   313

Table legend: (Time is in decaauts)
 A = Elapsed time spent in this place.
 B = Non-inter-level travel time spent in this place.
 C = Inter-level travel time spent in this place.
 D = Time resting spent in this place.
 E = Time spent auto-exploring this place.
 F = Levels seen in this place.
 G = Mean time per level.
                   A        B        C        D        E       F      G
               +--------+--------+--------+--------+--------+-----+--------+
         Total |  15061 |  14366 |    695 |   4685 |   7030 |  14 | 1075.8 |
       Dungeon |  13862 |  13167 |    695 |   3924 |   7030 |  11 | 1260.2 |
          Lair |     71 |     71 |      0 |     39 |      0 |   1 |   71.0 |
       Ossuary |    379 |    379 |      0 |    187 |      0 |   1 |  379.0 |
      Ice Cave |    748 |    748 |      0 |    535 |      0 |   1 |  748.0 |
               +--------+--------+--------+--------+--------+-----+--------+

Top non-repeatable levels by time:
     D:8: 1845 daAuts
    D:11: 1647 daAuts
     D:7: 1623 daAuts
    D:10: 1192 daAuts
     D:2: 1146 daAuts
     D:9: 1143 daAuts
     D:6: 1141 daAuts
     D:1: 1106 daAuts
     D:4: 1061 daAuts
     D:3: 982 daAuts
     D:5: 971 daAuts
   IceCv: 748 daAuts
 Ossuary: 379 daAuts
  Lair:1: 71 daAuts
